 Dungeon Crawl Stone Soup version 0.21-a0-442-g848f44b (webtiles) character file.

18 4thArraOfDagon the Firebug (level 2, -1/15 HPs)
             Began as a Tengu Fire Elementalist on Nov 16, 2017.
             Slain by a wyvern skeleton (4 damage)
             ... on level 6 of the Dungeon.
             The game lasted 00:02:17 (408 turns).

4thArraOfDagon the Firebug (Tengu Fire Elementalist) Turns: 408, Time: 00:02:18

Health: -1/15      AC:  2    Str:  8    XL:     2   Next: 66%
Magic:  6/6        EV: 12    Int: 15    God:
Gold:   40         SH:  0    Dex: 14    Spells: 4/5 levels left

rFire    . . .     SeeInvis .   (no weapon)
rCold    . . .     Gourm    .   (no shield)
rNeg     . . .     Faith    .   a - +0 robe
rPois    .         Spirit   .   (helmet restricted)
rElec    .         Reflect  .   (no cloak)
rCorr    .         Harm     .   (no gloves)
MR       .....                  (boots unavailable)
Stlth    ++........             (no amulet)
HPRegen  0.05/turn              (no ring)
MPRegen  0.10/turn              (no ring)

@: berserk cooldown
A: beak, talons 3
a: no special abilities


You were on level 6 of the Dungeon.
You were not hungry.

You visited 1 branch of the dungeon, and saw 6 of its levels.

You collected 40 gold pieces.

Inventory:

Missiles
 g - 6 tomahawks (quivered)
Armour
 a - a +0 robe (worn)
Scrolls
 e - a scroll of teleportation
 k - a scroll of random uselessness
Potions
 d - a potion of invisibility {unknown}
Books
 b - a book of Flames

   Spells                             Type                      Level
   a - Flame Tongue                   Conjuration/Fire             1
   b - Throw Flame                    Conjuration/Fire             2
   c - Conjure Flame                  Conjuration/Fire             3
   d - Inner Flame                    Hexes/Fire                   3
   e - Sticky Flame                   Conjuration/Fire             4
   f - Fireball                       Conjuration/Fire             5
 l - a book of Conjurations

   Spells                             Type                      Level
   a - Magic Dart                     Conjuration                  1
   b - Searing Ray                    Conjuration                  2
   c - Dazzling Spray                 Conjuration/Hexes            3
   d - Fulminant Prism                Conjuration/Hexes            4
   e - Force Lance                    Conjuration/Translocation    4
   f - Iskenderun's Mystic Blast      Conjuration                  4
Comestibles
 c - a bread ration


   Skills:
 - Level 2.1 Dodging
 - Level 2.0 Stealth
 + Level 2.2 Spellcasting
 * Level 2.4 Conjurations
 * Level 3.7 Fire Magic


You had 4 spell levels left.
You knew the following spells:

 Your Spells              Type           Power        Failure   Level  Hunger
a - Flame Tongue          Conj/Fire      ##...        6%          1    #......


Dungeon Overview and Level Annotations

Branches:
Dungeon (6/15)
 Temple: D:4-7

Altars:
Wu Jian


Innate Abilities, Weirdness & Mutations

You have a beak for a mouth.
You have claws for feet.


Message History

Unknown command.
It was a potion of berserk rage.
A red film seems to cover your vision as you go berserk!
You feel yourself moving faster!
You feel mighty! The wyvern skeleton closely misses you.
Unknown command.
You feel a strong urge to attack something.
Unknown command.
Unknown command.
You feel your anger nearly subside.
You are no longer berserk.
You are exhausted.
You feel yourself slow down.
Unknown command.
It was a potion of cancellation.
Your magical effects are unravelling.
You feel magically purged.
You feel yourself speed up. The wyvern skeleton bites you.
You die...

#.##
..#
#.#
###.#
#...#
#.###
#.#
####Z#
#..@.#
#.####
#.#
#.#
#.#
#.##
#<.#
#####
##_##


You could see a wyvern skeleton.

Vanquished Creatures
  A hound skeleton (D:4)
  A leopard gecko (D:1)
  A hobgoblin (D:2)
  A rat (D:2)
4 creatures vanquished.

Notes
Turn   | Place    | Note
-------+----------+-------------------------------------------
     0 | D:1      | 4thArraOfDagon the Tengu Fire Elementalist began the quest for the Orb.
     0 | D:1      | Reached XP level 1. HP: 10/10 MP: 4/4
     0 | D:1      | 4thArraOfDagon: wizard?
     0 | D:1      | Thaneod: heh
     0 | D:1      | 4thArraOfDagon: i conjurer maja magic dar
     0 | D:1      | Thaneod: może stwórz sobie inne konto
     0 | D:1      | 4thArraOfDagon: to jest dopiero lipa
    86 | D:1      | Thaneod: i będziesz grał na przeżycie a nie na tury:P
   116 | D:3      | Thaneod: aha
   215 | D:5      | Entered Level 5 of the Dungeon
   228 | D:5      | Thaneod: bym się śmiał jhakby byla ta włócznia cursed jeszcze
   304 | D:4      | Noticed a worker ant
   348 | D:4      | Reached XP level 2. HP: 15/15 MP: 0/6
   389 | D:6      | Found an ornate altar of the Wu Jian Council.
   408 | D:6      | Slain by a wyvern skeleton

Vault maps used:
D:1:      dpeg_arrival_snail, xom_teletrap_fun
D:2:      dancing_weapons_uskayaw, elyvilon_altar_4, lemuel_crystal_altar
D:3:      okawaru_altar_gauntlet_db, hex_large, lemuel_tele_altar, uniq_terence
D:4:      yredelemnul_forgotten_temple_becter, amethyst_overflow_temple_binary,
          portal_sewer_entry_e
D:5:      gammafunk_cloud_chamber, first_bread
D:6:      kiku_gazebo_pond_becter, nicolae_overflow_hidden_temple,
          minmay_temple_entry_overgrown, roderic_nine_men_s_morris,
          grunt_ministairs_8, uniq_sigmund

Skill      XL: |  1 |
---------------+----+-----
Conjurations   | 2 |  2.4
Dodging        | |  2.1
Stealth        | |  2.0
Spellcasting   | |  2.2
Fire Magic     | |  3.7

Action                   || total
-------------------------++-------
 Cast: Flame Tongue      ||     9
  Use: Scroll            ||     3
       Potion            ||     2
Dodge: Dodged            ||     4

Table legend:
 A = Spawn XP
 B = Non-spawn XP
 C = Spawn XP percentage of total XP
 D = Spawn monster count
 E = Non-spawn monster count
 F = Spawn count percentage of total count
 G = Total turns spent on level
                    A         B        C        D         E        F      G
               +---------+---------+-------+---------+---------+-------+---------
         Total |       0 |      26 |   0.0 |       0 |       4 |   0.0 |   408
               +---------+---------+-------+---------+---------+-------+---------
           D:1 |       0 |       3 |   0.0 |       0 |       1 |   0.0 |    88
           D:2 |       0 |       3 |   0.0 |       0 |       2 |   0.0 |    27
           D:4 |       0 |      20 |   0.0 |       0 |       1 |   0.0 |   126
               +---------+---------+-------+---------+---------+-------+---------
